 Dungeon Crawl Stone Soup version 0.21-a0-196-g6a663c0 (webtiles) character file.

6371 namelastname112 the Destroyer (level 10, -13/86 HPs)
             Began as a Grey Draconian Wizard on Aug 15, 2017.
             Was an Elder of Dithmenos.
             Mangled by a death yak (15 damage)
             ... on level 8 of the Dungeon.
             The game lasted 00:14:07 (8068 turns).

namelastname112 the Destroyer (DrWz)                Turns: 8068, Time: 00:14:07

Health: -13/86     AC: 15    Str: 12    XL:     10   Next: 65%
Magic:  18/18      EV: 15    Int: 20    God:    Dithmenos [****..]
Gold:   539        SH:  0    Dex: 10    Spells: 17/23 levels left

rFire    + + .     SeeInvis .   q - +3 whip (elec)
rCold    . . .     Gourm    .   (no shield)
rNeg     . . .     Faith    .   (armour unavailable)
rPois    .         Spirit   .   a - +0 hat
rElec    .         Reflect  .   A - +1 cloak
rCorr    .         Harm     .   (no gloves)
MR       +....     Clarity  +   y - +0 pair of boots
Stlth    ++........             o - amulet of regeneration
HPRegen  0.64/turn              j - +3 ring of strength
MPRegen  0.16/turn              (no ring)

@: berserk cooldown, slowed, wreathed by umbra, very slow
A: walk through water, unfitting armour, horns 1, stinger 1, clarity, dopey 1,
fire resistance 2, low mp 1, magic resistance 1, unbreathing, cold-blooded, AC
+12
a: Shadow Step, Renounce Religion


You were on level 8 of the Dungeon.
You worshipped Dithmenos.
Dithmenos was greatly pleased with you.
You were not hungry.

You visited 2 branches of the dungeon, and saw 10 of its levels.
You also visited: Ossuary.

You collected 539 gold pieces.

Inventory:

Hand Weapons
 q - a +3 whip of electrocution (weapon)
Missiles
 n - a throwing net (quivered)
Armour
 a - a +0 hat (worn)
 y - a +0 pair of boots (worn)
 A - a +1 cloak (worn)
Jewellery
 j - a +3 ring of strength (left hand)
 o - an amulet of regeneration (around neck)
 p - an uncursed ring of ice
Wands
 u - a wand of paralysis (7/24)
 D - a wand of acid (8/15)
Scrolls
 d - 2 scrolls of identify
 e - 5 scrolls of remove curse
 x - a scroll of enchant weapon
Potions
 g - 3 potions of curing
 i - 3 potions of berserk rage
 k - 2 potions of haste {unknown}
 m - a potion of flight {unknown}
 s - a potion of lignification
 v - 3 potions of degeneration {unknown}
 w - a potion of agility
Books
 b - a book of Minor Magic

   Spells                             Type                      Level
   a - Magic Dart                     Conjuration                  1
   b - Blink                          Translocation                2
   c - Call Imp                       Summoning                    2
   d - Slow                           Hexes                        2
   e - Conjure Flame                  Conjuration/Fire             3
   f - Mephitic Cloud                 Conjuration/Poison/Air       3
Comestibles
 c - 6 bread rations
 f - 4 meat rations
 z - 2 royal jellies
 B - 4 fruits


   Skills:
 + Level 7.6 Fighting
 + Level 6.8 Dodging
 - Level 1.7 Stealth
 + Level 7.3 Spellcasting
 * Level 10.4 Conjurations
   Level 1.0 Summonings
 - Level 1.0 Translocations


You had 17 spell levels left.
You knew the following spells:

 Your Spells              Type           Power        Failure   Level  Hunger
c - Mephitic Cloud        Conj/Pois/Air  ###.....     6%          3    #......
x - Blink                 Tloc           N/A          9%          2    None
z - Magic Dart            Conj           ####         1%          1    None


Dungeon Overview and Level Annotations

Branches:
Dungeon (9/15)             Temple (1/1) D:4            Lair (0/6) D:8
    Orc: D:9-12

Altars:
Dithmenos
Gozag
Ru
The Shining One


Innate Abilities, Weirdness & Mutations

You can walk through water.
Your dull iron-grey scales are very hard. (AC +12)
You cannot fit into any form of body armour.
You can survive without breathing.
You are cold-blooded and may be slowed by cold attacks.
You have a pair of small horns on your head.
Your tail ends in a poisonous barb.
You possess an exceptional clarity of mind.
You are dopey. (Int -2)
Your flesh is very heat resistant. (rF++)
Your magical capacity is low. (-10% MP)
You are resistant to hostile enchantments. (MR+)


Message History

The death yak is severely wounded.
The yak gores you.
* * * LOW HITPOINT WARNING * * *
The death yak closely misses you.
You take 4 damage, and have 6/129 hp.
You hit the death yak. You headbutt the death yak.
The death yak is severely wounded.
You barely miss the death yak.
Your tail-slap misses the death yak.
The death yak is severely wounded.
The yak gores you.
* * * LOW HITPOINT WARNING * * *
The death yak gores you but does no damage.
You take 4 damage, and have 2/129 hp.
You hit the yak. Lightning courses through the yak! You tail-slap the yak.
The yak is severely wounded.
You are no longer berserk.
You are exhausted.
You feel yourself slow down. The yak gores you but does no damage.
The death yak gores you!
You die...

...........# ...........# ######
..........$# .....# .......Y...#
####.# #######o#### #.# #.# #.#
#.# ####.############# #Z#
...............Y@# #.#
################Y####Y#
.............###.#....# ########
..#...#...#..#.#.#.##.# #.......
.(.........._#.#.#.#######.######
..#...#...#..#.#.#..Z......#
.............#.#.################
##############.#.....Y...........
#......######.#.################


You could see a death yak and a yak.

Vanquished Creatures
  A death yak (D:8)
  A two-headed ogre (D:8)
  A hippogriff (D:8)
  Grinder (D:7)
  Sigmund (D:3)
  7 yaks
  Eustachio (D:4)
  A water moccasin (D:8)
  2 orc warriors
  An ice beast (D:7)
  3 sky beasts
  A necrophage (D:8)
  2 phantoms
  4 ogres
  2 centaurs
  2 elf zombies (Ossuary)
  3 bullfrogs
  2 big kobolds
  Blork the orc (D:5)
  A wyvern skeleton (D:6)
  4 scorpions
  3 killer bees (D:7)
  3 crimson imps
  A bullfrog zombie (D:8)
  A human zombie (Ossuary)
  2 centaur zombies (Ossuary)
  Crazy Yiuf (D:7)
  6 orc priests
  4 hounds
  A jelly (D:5)
  Jessica (D:3)
  3 orc wizards
  5 worker ants
  2 killer bee zombies
  2 big kobold zombies (Ossuary)
  3 mummies (Ossuary)
  Robin (D:3)
  7 gnolls
  12 adders
  2 shadow imps (D:6)
  2 oozes
  An adder skeleton (D:8)
  5 adder zombies
  2 dart slugs
  7 worms
  6 leopard geckos
  22 orcs
  4 giant cockroaches
  4 gnoll zombies (Ossuary)
  5 hobgoblins
  6 jackals
  18 kobolds
  2 quokkas
  4 ball pythons
  10 bats
  5 frilled lizards
  A giant cockroach zombie (D:6)
  12 goblins
  3 goblin zombies (Ossuary)
  2 hobgoblin zombies (Ossuary)
  2 jackal zombies (Ossuary)
  5 kobold zombies (Ossuary)
  A leopard gecko skeleton (D:8)
  An orc zombie (Ossuary)
  4 quokka zombies (Ossuary)
  6 rats
  3 rat zombies (Ossuary)
245 creatures vanquished.

Vanquished Creatures (others)
  A fungus (D:7)
1 creature vanquished.

Grand Total: 246 creatures vanquished

Notes
Turn   | Place    | Note
-------+----------+-------------------------------------------
     0 | D:1      | namelastname112 the Draconian Wizard began the quest for the Orb.
     0 | D:1      | Reached XP level 1. HP: 14/14 MP: 4/4
   492 | D:1      | Reached XP level 2. HP: 22/22 MP: 0/6
   945 | D:2      | Reached skill level 2 in Conjurations
   945 | D:2      | Reached XP level 3. HP: 22/27 MP: 1/7
  1038 | D:2      | Reached skill level 1 in Fighting
  1237 | D:2      | Found a shadowy altar of Dithmenos.
  1546 | D:2      | Reached XP level 4. HP: 35/35 MP: 4/9
  1889 | D:3      | Noticed Robin
  1899 | D:3      | Killed Robin
  1899 | D:3      | Reached XP level 5. HP: 14/41 MP: 6/10
  2250 | D:3      | jacquesderrida: Не Мир
  2350 | D:3      | namelastname112: дженкинс
  2388 | D:3      | Noticed Jessica
  2394 | D:3      | Killed Jessica
  2394 | D:3      | Reached skill level 3 in Conjurations
  2523 | D:3      | Noticed Sigmund
  2524 | D:3      | jacquesderrida: Уберзольдат
  2533 | D:3      | Killed Sigmund
  2533 | D:3      | Reached XP level 6. HP: 42/50 MP: 6/12
  2784 | D:3      | Found a glowing golden altar of the Shining One.
  2835 | D:4      | Found a staircase to the Ecumenical Temple.
  2845 | D:4      | Noticed Grinder
  2846 | D:4      | Paralysed by Grinder for 5 turns
  2959 | D:4      | Reached skill level 4 in Conjurations
  3172 | D:4      | Noticed Eustachio
  3482 | D:4      | Killed Eustachio
  3482 | D:4      | Your scales start taking on a dull iron-grey colour.
  3482 | D:4      | Reached XP level 7. HP: 43/57 MP: 5/13
  3482 | D:4      | Gained mutation: You can survive without breathing. [Grey Draconian growth]
  3632 | D:2      | Became a worshipper of Dithmenos the Shadowed
  3657 | D:4      | Learned a level 2 spell: Blink
  3661 | D:4      | Learned a level 3 spell: Mephitic Cloud
  3670 | Temple   | Entered the Ecumenical Temple
  3697 | D:5      | Entered Level 5 of the Dungeon
  3747 | D:5      | Reached skill level 5 in Conjurations
  3764 | D:5      | Found a sand-covered staircase.
  3771 | Ossuary  | Entered an ossuary
  3852 | Ossuary  | Reached * piety under Dithmenos
  4061 | Ossuary  | Reached skill level 5 in Spellcasting
  4061 | Ossuary  | Reached XP level 8. HP: 66/66 MP: 12/15
  4192 | D:5      | Reached skill level 6 in Conjurations
  4803 | D:5      | Noticed Blork the orc
  4810 | D:5      | Killed Blork the orc
  4810 | D:5      | Reached ** piety under Dithmenos
  4948 | D:5      | Gained mutation: Your body sometimes deteriorates upon taking damage. [potion of mutation]
  4948 | D:5      | Gained mutation: You have a pair of small horns on your head. [potion of mutation]
  4998 | D:6      | Reached skill level 5 in Fighting
  5097 | D:6      | Reached skill level 7 in Conjurations
  5101 | D:6      | Gained mutation: You are dopey. (Int -2) [mutagenic meat]
  5102 | D:6      | Gained mutation: You expend magic power (3 MP) to strengthen your wands. [mutagenic meat]
  5103 | D:6      | Gained mutation: Your magical capacity is low. (-10% MP) [mutagenic meat]
  5201 | D:6      | Reached skill level 5 in Dodging
  5591 | D:7      | Reached XP level 9. HP: 61/74 MP: 11/15
  5897 | D:7      | Paralysed by a gnoll for 7 turns
  5985 | D:7      | Found an opulent altar of Gozag.
  6112 | D:7      | Reached skill level 8 in Conjurations
  6221 | D:7      | Killed Grinder
  6301 | D:7      | Lost mutation: You expend magic power (3 MP) to strengthen your wands. [mutagenic meat]
  6302 | D:7      | Gained mutation: Your flesh is heat resistant. (rF+) [mutagenic meat]
  6303 | D:7      | Gained mutation: You possess an exceptional clarity of mind. [mutagenic meat]
  6333 | D:7      | Reached *** piety under Dithmenos
  6350 | D:7      | Found a runed door.
  6435 | D:7      | Noticed Crazy Yiuf
  6437 | D:7      | Paralysed by Crazy Yiuf for 7 turns
  6446 | D:7      | Killed Crazy Yiuf
  6560 | D:7      | Gained mutation: You are resistant to hostile enchantments. (MR+) [mutagenic meat]
  6561 | D:7      | Gained mutation: Your flesh is very heat resistant. (rF++) [mutagenic meat]
  6562 | D:7      | Lost mutation: Your body sometimes deteriorates upon taking damage. [mutagenic meat]
  6563 | D:7      | Gained mutation: Your tail ends in a poisonous barb. [mutagenic meat]
  6830 | D:8      | Reached skill level 9 in Conjurations
  6969 | D:8      | Noticed a two-headed ogre
  6980 | D:8      | Killed a two-headed ogre
  6980 | D:8      | Reached XP level 10. HP: 84/84 MP: 4/18
  7000 | D:8      | Noticed a death yak
  7070 | D:8      | Noticed a death yak
  7129 | D:8      | Noticed a death yak
  7185 | D:8      | Killed a death yak
  7459 | D:8      | Found a staircase to the Lair.
  7705 | D:8      | Reached skill level 10 in Conjurations
  7716 | D:8      | Found a sacrificial altar of Ru.
  7797 | D:8      | Reached **** piety under Dithmenos
  8010 | D:9      | HP: 4/86 [acid (15)]
  8023 | D:9      | HP: 1/86 [acid (13)]
  8065 | D:8      | HP: 6/129 [yak (5)]
  8067 | D:8      | HP: 2/129 [yak (5)]
  8068 | D:8      | Mangled by a death yak

Vault maps used:
D:1:      zaba_arrival_water
D:2:      grunt_dithmenos_smoke_and_mirrors, first_bread
D:3:      marbit_many_paths, uniq_robin, uniq_sigmund, uniq_jessica
D:4:      minmay_temple_entry_junction_2, uniq_grinder, uniq_eustachio
D:5:      nicolae_ossuary_entry_monument, uniq_blork_the_orc
D:7:      kennysheep_little_box, uniq_crazy_yiuf_cottage
D:8:      lemuel_coloured_pillars_altar, dpeg_lair_monsters
D:9:      gammafunk_temple_overflow_pools
Temple:   eino_temple_scatter_basement
Ossuary:  minmay_ossuary_two_tombs

Skill      XL: |  1  2  3  4  5  6  7  8  9 10 |
---------------+-------------------------------+-----
Dodging        | 2 3 4 5 6 |  6.8
Conjurations   | 2 3 4 5 7 9 10 | 10.4
Fighting       | 1 2 3 4 5 6 7 |  7.6
Spellcasting   | 4 5 6 7 |  7.3
Stealth        | |  1.7
Summonings     | |  1.0
Translocations | |  1.0

Action                   |  1- 3 |  4- 6 |  7- 9 | 10-12 || total
-------------------------+-------+-------+-------+-------++-------
Melee: Dagger            |    56 |     1 |       |       ||    57
       Unarmed           |     4 |       |       |       ||     4
       Tailslap          |     2 |     8 |    32 |    18 ||    60
       Whip              |       |    76 |   258 |   148 ||   482
       Headbutt          |       |       |    14 |    28 ||    42
 Cast: Magic Dart        |    74 |   105 |   280 |    40 ||   499
       Mephitic Cloud    |       |       |     7 |    12 ||    19
       Blink             |       |       |     1 |       ||     1
  Use: Scroll            |       |       |    15 |     4 ||    19
       Potion            |       |       |     1 |     4 ||     5
 Stab: Sleeping          |     1 |       |       |       ||     1
       Confused          |       |       |     4 |       ||     4
  Eat: Chunk             |     2 |     3 |    22 |       ||    27
       Meat ration       |       |     1 |       |     1 ||     2
       Fruit             |       |       |     1 |       ||     1
Armor: Skin              |    17 |    20 |   110 |    62 ||   209
Dodge: Dodged            |    53 |    75 |   218 |   148 ||   494
